[Event "*** Titled Tuesday Blitz"]
[Site "Chess.com"]
[Date "2020.02.04"]
[Round "2"]
[White "Misha_Bilous"]
[Black "Kostina_Nadezhda"]
[Result "1-0"]
[WhiteElo "2502"]
[BlackElo "2182"]
[TimeControl "180+2"]
[EndTime "9:23:02 PST"]
[Termination "Misha_Bilous won on time"]

1. d4 d5 2. c4 e6 3. Nc3 c6 4. e3 Nf6 5. Nf3 Be7 6. Be2 O-O 7. Qc2 dxc4 8. Bxc4 Nbd7 9. O-O Nb6 10. Be2 Nbd5 11. e4 Nb4 12. Qb3 a5 13. a3 Na6 14. h3 c5 15. d5 exd5 16. exd5 Nc7 17. Rd1 Nce8 18. Bf4 Nd6 19. Nb5 Bf5 20. Ne5 Qb6 21. a4 Rac8 22.
Nc4 Nxc4 23. Bxc4 Rfd8 24. d6 Bf8 25. Bxf7+ Kh8 26. Be6 c4 27. Bxc4 Ne4 28. Be3 Qc6 29.
Be6 Nxd6 30. Bxc8 Bc2 31. Qd5 Bxd1 32. Rxd1 Rxc8 33. Nxd6 Qxd5 34. Rxd5 Rd8 35. Nf7+ Kg8 36. Nxd8 1-0

[Event "*** Titled Tuesday Blitz"]
[Site "Chess.com"]
[Date "2020.02.04"]
[Round "2"]
[White "HouseOfDurin"]
[Black "MasterKroket"]
[Result "0-1"]
[WhiteElo "2069"]
[BlackElo "2410"]
[TimeControl "180+2"]
[EndTime "9:23:03 PST"]
[Termination "MasterKroket won on time"]

1. d4 Nf6 2. Bg5 Ne4 3. h4 Nxg5 4. hxg5 g6 5. Nf3 Bg7 6. e3 c5 7. c3 b6 8. Nbd2 Bb7 9. Bd3 d6 10. Qc2 Nd7 11. O-O-O Rc8 12. Rh4 e5 13. dxe5 Nxe5 14.
Bb5+ Kf8 15. Nxe5 Bxe5 16. f4 Bg7 17. Rdh1 Bxg2 18. R1h2 Bb7 19. Rxh7 Rxh7 20. Rxh7 Qe7 21. e4 Qe6 22. Bc4 Qg4 23. Qb3 Qxf4 24. Rh1 Rc7 25. Rf1 Qxg5 26. Bxf7 c4 27. Bxc4+ Ke8 28. Bf7+ Kd8 29.
Qe6 Re7 30. Qxd6+ Rd7 31. Qb8+ Bc8 32. Bd5 Bh6 33. Qh2 Bb7 34. Kc2 Bxd5 35. exd5 Kc8 36. Rd1 Rxd5 37. Nb3 Qf5+ 0-1

[Event "*** Titled Tuesday Blitz"]
[Site "Chess.com"]
[Date "2020.02.04"]
[Round "2"]
[White "mortngabriel"]
[Black "GM-2023"]
[Result "1-0"]
[WhiteElo "2409"]
[BlackElo "2062"]
[TimeControl "180+2"]
[EndTime "9:23:05 PST"]
[Termination "mortngabriel won by resignation"]

1. e4 e5 2. Nf3 Nc6 3. Bb5 a6 4. Ba4 d6 5. c3 Bd7 6. d4 g6 7. Bg5 f6 8. Be3 Bg7 9. O-O Nge7 10. Bb3 Na5 11. Nbd2 Nxb3 12. Qxb3 Qc8 13. c4 O-O 14. c5+ Be6 15. d5 Bg4 16. Rac1 Qd7 17. h3 Bxf3 18. Nxf3 h6 19. Nd2 f5 20. f3 f4 21. Bf2 g5 22. Nc4 Qb5 23. cxd6 cxd6 24. Nxd6 Qxb3 25. axb3 Rfb8 26. Rc7 Nc8 27. Nf5 Bf6 28.
Nxh6+ Kh8 29. Rfc1 Nd6 30. Rd7 Rd8 31. Rxd6 Rxd6 32.
Nf7+ Kg7 33. Nxd6 1-0

[Event "*** Titled Tuesday Blitz"]
[Site "Chess.com"]
[Date "2020.02.04"]
[Round "2"]
[White "Genghis_K"]
[Black "Evgeny81"]
[Result "1-0"]
[WhiteElo "2915"]
[BlackElo "2613"]
[TimeControl "180+2"]
[EndTime "9:23:10 PST"]
[Termination "Genghis_K won by resignation"]

1. e4 e5 2. Nf3 Nc6 3. Nc3 Nf6 4.
d4 exd4 5. Nxd4 Bb4 6. Nxc6 bxc6 7. Bd3 d5 8. Bd2 O-O 9. O-O Bxc3 10. Bxc3 Nxe4 11.
Bxe4 dxe4 12. Qh5 Qd5 13. Qe5 Qxe5 14. Bxe5 Rd8 15. Bxc7 Rd5 16. Bf4 Ba6 17. Rfe1 Rad8 18. a4 f5 19. b4 Bc4 20. h4 R8d7 21. Ra3 Rd1 22. Rxd1 Rxd1+ 23. Kh2 Rb1 24. Bd6 Rb2 25. Rc3 Bd5 26. Rc5 a6 27. c4 Be6 28. Rxc6 Kf7 29. Rc7+ Kf6 30. Bc5 Rd2 31. b5 axb5 32. cxb5 f4 33.
b6 e3 34. b7 e2 35. b8=Q e1=Q 36. Qf8+ Ke5 37. Qxg7+ Kd5 38. Bb4 Qxf2 39. Bxd2 Qxh4+ 40. Kg1 1-0

[Event "*** Titled Tuesday Blitz"]
[Site "Chess.com"]
[Date "2020.02.04"]
[Round "2"]
[White "Anton_Demchenko"]
[Black "kleinebeer98"]
[Result "0-1"]
[WhiteElo "2951"]
[BlackElo "2686"]
[TimeControl "180+2"]
[EndTime "9:23:16 PST"]
[Termination "kleinebeer98 won by resignation"]

1. e4 c5 2. Nf3 e6 3. g3 Nc6 4. Bg2 Nf6 5. Qe2 d5 6. exd5 Nxd5 7. O-O Be7 8. Rd1 O-O 9. d4 cxd4 10. Nxd4 Nxd4 11. Rxd4 Bf6 12. Rd1 Qb6 13. c4 Ne7 14. Nc3 Nf5 15. Ne4 Bd4 16. Rb1 e5 17. b3 Qg6 18. Ba3 Re8 19. c5 Bd7 20. Nd6 Nxd6 21. cxd6 Rac8 22. Rbc1 b5 23. Bb7 Rxc1 24. Rxc1 Bb6 25.
Be4 Qf6 26. Qd2 h5 27. h4 Rd8 28. Bc5 Bxc5 29. Rxc5 Be8 30. Rd5 Bc6 31. d7 Bxd5 32. Qxd5 Qe7 33. Bf5 b4 34. Qc4 Kf8 35. Bh3 g6 36.
Qc7 f5 37. Qxa7 Rxd7 38. Qa8+ Kg7 39. Bf1 f4 40. Bc4 Rd8 41. Qe4 fxg3 42. fxg3 Qc5+ 43.
Kh1 Rd1+ 44. Kg2 Qg1+ 45. Kf3 Qh1+ 46. Ke3 Re1+ 0-1

[Event "*** Titled Tuesday Blitz"]
[Site "Chess.com"]
[Date "2020.02.04"]
[Round "2"]
[White "VincentKeymer"]
[Black "Bigfish1995"]
[Result "1/2-1/2"]
[WhiteElo "2697"]
[BlackElo "3051"]
[TimeControl "180+2"]
[EndTime "9:23:18 PST"]
[Termination "Game drawn by repetition"]

1. Nf3 d5 2. e3 c5 3. b3 a6 4. Bb2 Nc6 5. d4 Bg4 6. dxc5 e5 7. h3 Bxf3 8. Qxf3 Nf6 9. Nc3 e4 10.
Qg3 Nh5 11. Qh2 Bxc5 12. O-O-O Bd6 13. Qg1 Nf6 14. Nxd5 Nxd5 15. Rxd5 Qc7 16. Bc4 b5 17. Qd1 O-O-O 18. Qg4+ Kb8 19. Bxb5 Nb4 20. Bc4 Nxd5 21. Bxd5 Ba3 22. Bxa3 Rxd5 23. Qxe4 Rhd8 24. Bb2 f5 25. Qb4+ Ka8 26. Bd4 f4 27. c4 fxe3 28. fxe3 Qc8 29. Kb2 R5d6 30. Rf1 Qc6 31. Rf7 Qxg2+ 32. Ka3 R6d7 33.
Rxd7 Rxd7 34. Qc5 Qb7 35. Qf8+ Qb8 36. Qf3+ Qb7 37. Qf8+ Qb8 38. Qf3+ Qb7 39. Qf8+ 1/2-1/2

[Event "*** Titled Tuesday Blitz"]
[Site "Chess.com"]
[Date "2020.02.04"]
[Round "2"]
[White "Saitama_Hero"]
[Black "riconaipe"]
[Result "1/2-1/2"]
[WhiteElo "2274"]
[BlackElo "2532"]
[TimeControl "180+2"]
[EndTime "9:23:20 PST"]
[Termination "Game drawn by repetition"]

1. d4 e6 2. e4 b6 3. Bd3 Bb7 4.
Nf3 c5 5. c3 Be7 6. O-O Nf6 7.
Re1 d6 8. Nbd2 Nbd7 9. Nf1 e5 10. Ng3 g6 11. h3 Qc7 12. dxe5 Nxe5 13. Nxe5 dxe5 14.
Bb5+ Bc6 15. Bxc6+ Qxc6 16. Bh6 Bf8 17. Qc1 Bxh6 18. Qxh6 O-O-O 19. f3 Ng8 20. Qe3 Ne7 21. Rad1 h5 22. Nf1 Qe6 23. b3 Kc7 24. Qe2 Nc6 25.
Ne3 Kb7 26. Nd5 Rd7 27. Rd2 Rhd8 28. Red1 f5 29. a4 f4 30. Qb5 Ne7 31. Nxf4 Rxd2 32. Rxd2 Qc8 33. Rxd8 Qxd8 34. Nd3 Nc6 35. Nxc5+ Kb8 36.
Qxc6 bxc5 37. Qxc5 Qg5 38. Qb5+ Kc7 39. Qc5+ Kb8 40.
Qf8+ Kb7 41. Qf7+ Kb8 42. b4 h4 43. a5 Qg3 44. Kf1 Qg5 45. a6 Qc1+ 46. Kf2 Qd2+ 47.
Kf1 Qd1+ 48. Kf2 Qd2+ 49. Kf1 Qd1+ 50. Kf2 Qd2+ 1/2-1/2

[Event "*** Titled Tuesday Blitz"]
[Site "Chess.com"]
[Date "2020.02.04"]
[Round "2"]
[White "DDTerziev04"]
[Black "Kira170"]
[Result "0-1"]
[WhiteElo "2203"]
[BlackElo "2503"]
[TimeControl "180+2"]
[EndTime "9:23:22 PST"]
[Termination "Kira170 won on time"]

1. e4 e6 2. d3 d5 3. Nd2 Nf6 4. Ngf3 Nc6 5. g3 g6 6. Bg2 Bg7 7. O-O O-O 8. c3 e5 9. Qc2 a5 10. a4 Re8 11. Re1 h6 12. Nf1 Be6 13. Ne3 Qd7 14.
b3 Rad8 15. Bb2 Bh3 16. Rad1 Bxg2 17. Kxg2 Kh7 18. c4 Nb4 19. Qe2 d4 20. Nd5 Nfxd5 21.
exd5 f5 22. Qd2 c5 23. Re2 e4 24. Ne1 Re7 25. Kg1 Rde8 26. Ba3 h5 27. Bxb4 axb4 28. Ng2 Bh6 29. Nf4 Qd6 30. Rde1 h4 31. Kg2 h3+ 32. Kg1 Kg8 33. Kh1 exd3 34. Rxe7 Rxe7 35. Rxe7 Qxe7 36. Kg1 Bxf4 37. gxf4 Qe2 0-1

[Event "*** Titled Tuesday Blitz"]
[Site "Chess.com"]
[Date "2020.02.04"]
[Round "2"]
[White "LiemLe"]
[Black "guillembaches"]
[Result "1-0"]
[WhiteElo "2991"]
[BlackElo "2369"]
[TimeControl "180+2"]
[EndTime "9:23:25 PST"]
[Termination "LiemLe won by resignation"]

1. e4 c5 2. Nf3 d6 3. d4 cxd4 4. Nxd4 Nf6 5. Nc3 a6 6. h3 e5 7. Nb3 Be6 8. f4 Be7 9. f5 Bd7 10. g4 Bc6 11. Bg2 h6 12. Be3 b5 13. Qd2 b4 14. Nd5 Bxd5 15. exd5 a5 16. a3 bxa3 17. Rxa3 Nfd7 18. O-O Bg5 19. Rfa1 Nb6 20. Nxa5 Qc7 21. Bxg5 hxg5 22. Qxg5 Nxd5 23. Bxd5 Qc5+ 24. Kh2 Qxd5 25.
Nb7 Qxb7 26. Rxa8 Rxh3+ 27. Kxh3 Qf3+ 28. Kh4 Qf2+ 29. Kh5 Qh2+ 30. Qh4 g6+ 31. fxg6 fxg6+ 32. Kxg6 Qxh4 33. Rxb8+ Ke7 34. g5 e4 35. c4 Kd7 36. Ra7+ Kc6 37. Re7 Qf4 38. Rbe8 d5 39.
cxd5+ Kxd5 40. Rxe4 Qf2 41. R8e5+ Kd6 42. b4 Kd7 43. b5 Kd6 44. b6 Qf7+ 45. Kxf7 1-0

[Event "*** Titled Tuesday Blitz"]
[Site "Chess.com"]
[Date "2020.02.04"]
[Round "2"]
[White "Andrei_Belozerov"]
[Black "AvitalBor"]
[Result "1-0"]
[WhiteElo "2576"]
[BlackElo "2742"]
[TimeControl "180+2"]
[EndTime "9:23:26 PST"]
[Termination "Andrei_Belozerov won by resignation"]

1. e4 c5 2. Nf3 d6 3. d4 cxd4 4.
Nxd4 Nf6 5. Nc3 a6 6. Be3 Ng4 7. Bg5 h6 8. Bh4 g5 9. Bg3 Bg7 10. h3 Ne5 11. f3 Nbc6 12. Bf2 e6 13. Qd2 Nxd4 14. Bxd4 Bd7 15. O-O-O b5 16. Kb1 b4 17. Ne2 a5 18. Ng3 h5 19. Be2 h4 20. Nf1 Qc7 21.
Qxg5 Rc8 22. Ne3 Bh6 23. Qxh4 Ng6 24. Qf2 e5 25. Nc4 exd4 26. Qxd4 O-O 27. Qxd6 Be6 28.
Qxc7 Rxc7 29. b3 a4 30. g3 axb3 31. cxb3 f5 32. Rd6 Re8 33. Bd3 Bf8 34. Rxe6 Rxe6 35. exf5 Rf6 36. fxg6 Rxf3 37. Be4 Rxg3 38. h4 Re7 39. Bd5+ Kg7 40. h5 Kh6 41. Nd6 Rg5 42.
Nf7+ Rxf7 43. Bxf7 Rg2 44. Bd5 Rb2+ 45. Kxb2 1-0

[Event "*** Titled Tuesday Blitz"]
[Site "Chess.com"]
[Date "2020.02.04"]
[Round "2"]
[White "ChadBiryani"]
[Black "Eraschenkov"]
[Result "0-1"]
[WhiteElo "2298"]
[BlackElo "2607"]
[TimeControl "180+2"]
[EndTime "9:23:36 PST"]
[Termination "Eraschenkov won by resignation"]

1. d4 Nf6 2. Bf4 e6 3. Nc3 d5 4. e3 Bb4 5. Bd3 c5 6. dxc5 Nbd7 7. Ne2 Nxc5 8. O-O O-O 9. h3 Ncd7 10. a3 Be7 11.
Bh2 b6 12. Nb5 Bb7 13. c4 Nc5 14. Bc2 dxc4 15. Nec3 a6 16. Nd6 b5 17. Nxb7 Nxb7 18. Qf3 Nc5 19. Rfd1 Qb6 20. g4 Rad8 21. Be5 Nfd7 22.
Bd4 Qc7 23. Ne4 g6 24. Ng3 e5 25. Bc3 Nb6 26. Rxd8 Rxd8 27. Nh5 gxh5 28. Bxh7+ Kf8 29. Bg6 Bd6 30. gxh5 Qe7 31. Kh1 Ke8 32. Bf5 e4 33. Qg4 Nd5 34. Ba5 Bc7 35. Bb4 Nxb4 36. axb4 Nd3 37. Rxa6 Nxf2+ 38. Kg2 Nxg4 39. hxg4 Qe5 0-1

[Event "*** Titled Tuesday Blitz"]
[Site "Chess.com"]
[Date "2020.02.04"]
[Round "2"]
[White "LLRChess"]
[Black "killer311"]
[Result "0-1"]
[WhiteElo "2490"]
[BlackElo "2239"]
[TimeControl "180+2"]
[EndTime "9:23:36 PST"]
[Termination "killer311 won on time"]

1. e4 c5 2. Nf3 Nc6 3. d4 cxd4 4. Nxd4 Nf6 5. Nc3 e5 6. Ndb5 d6 7. Bg5 a6 8. Na3 b5 9. Nd5 Be7 10. Bxf6 Bxf6 11. c4 b4 12. Nc2 O-O 13. Bd3 a5 14. O-O Bg5 15. b3 Ra7 16. a3 bxa3 17. Nxa3 f5 18.
exf5 Bxf5 19. Bxf5 Rxf5 20. Nb5 Raf7 21. Qd3 Qf8 22. f3 g6 23. Qe4 Bh6 24. Rfd1 Bg7 25. Ne3 Nd4 26. Nxd4 Rf4 27. Qc6 Rxd4 28. Rxd4 exd4 29.
Nd5 Qb8 30. b4 d3 31. Re1 d2 32. Re8+ Rf8 33. Rxb8 d1=Q+ 34. Kf2 Rxb8 35. Qxd6 Qd4+ 36. Kf1 Qxc4+ 37. Kf2 Qd4+ 38. Kf1 Re8 39. Ne7+ Kh8 40. Qe6 Qd1+ 0-1

[Event "*** Titled Tuesday Blitz"]
[Site "Chess.com"]
[Date "2020.02.04"]
[Round "2"]
[White "2nd_life"]
[Black "Saloni1299"]
[Result "1-0"]
[WhiteElo "2434"]
[BlackElo "2117"]
[TimeControl "180+2"]
[EndTime "9:23:37 PST"]
[Termination "2nd_life won on time"]

1. e4 e6 2. d4 d5 3. Nc3 Bb4 4. e5 c5 5. a3 Bxc3+ 6. bxc3 Ne7 7. h4 Nbc6 8. h5 h6 9. a4 Qa5 10. Bd2 Bd7 11. Nf3 O-O-O 12. Qb1 c4 13. g3 f6 14.
Bg2 fxe5 15. Nxe5 Nxe5 16. dxe5 Bc6 17. Rh4 Nf5 18. Rd4 Qc7 19. Bf4 Rdf8 20. Qc1 Nxd4 21. cxd4 Rxf4 22. Qxf4 Qe7 23. c3 Rf8 24. Qg4 Be8 25.
a5 Rf5 26. Bxd5 Bxh5 27. Qh3 Kc7 28. Be4 Bg6 29. Bxf5 Bxf5 30. Qh4 Qxh4 31. gxh4 g6 32. Kd2 h5 33. Ke3 b5 34. axb6+ axb6 35. d5 exd5 36. Kd4 Kc6 37. Ra8 b5 38. Rd8 Be4 39. Rd6+ Kc7 40. Kc5 1-0

[Event "*** Titled Tuesday Blitz"]
[Site "Chess.com"]
[Date "2020.02.04"]
[Round "2"]
[White "Irishchessman16"]
[Black "swayamsm"]
[Result "0-1"]
[WhiteElo "2234"]
[BlackElo "2512"]
[TimeControl "180+2"]
[EndTime "9:23:41 PST"]
[Termination "swayamsm won by checkmate"]

1. e4 e6 2. d4 d5 3. Nc3 Nf6 4.
e5 Nfd7 5. f4 c5 6. Nf3 Nc6 7.
Be3 Be7 8. Qd2 O-O 9. dxc5 Nxc5 10. O-O-O a6 11. Kb1 b5 12. Qf2 Na4 13. Ne2 Qa5 14.
Bd2 b4 15. Ned4 Bd7 16. Nxc6 Bxc6 17. Nd4 Rfc8 18. Nb3 Qc7 19. Bd3 Bb5 20. Rc1 Bc4 21.
Rhe1 a5 22. f5 Bc5 23. Qh4 Bxd3 24. cxd3 exf5 25. Nxc5 Nxc5 26. d4 Ne4 27. Rxc7 Nxd2+ 28. Kc2 Rxc7+ 29. Kxd2 Rac8 30. Re2 h6 31. e6 fxe6 32. Qf4 Rc1 33. Qe5 R8c6 34. Ke3 Rf1 35. Qb8+ Kh7 36. Qe8 Rcc1 37. Qxe6 Rcd1 38. g3 g5 39. Qxd5 Kg6 40.
Qe6+ Kh5 41. g4+ Kxg4 42. Qxh6 Rf3# 0-1

[Event "*** Titled Tuesday Blitz"]
[Site "Chess.com"]
[Date "2020.02.04"]
[Round "2"]
[White "GMKrikor"]
[Black "messiboca"]
[Result "0-1"]
[WhiteElo "2839"]
[BlackElo "2662"]
[TimeControl "180+2"]
[EndTime "9:23:43 PST"]
[Termination "messiboca won by resignation"]

1. Nf3 c5 2. c4 Nf6 3. Nc3 b6 4. g3 Bb7 5. Bg2 g6 6. b3 Bg7 7. Bb2 O-O 8. O-O Na6 9. d4 d5 10. dxc5 Nxc5 11. Ne5 Qb8 12. Nd3 dxc4 13. bxc4 Bxg2 14. Kxg2 Qb7+ 15. Kg1 Rac8 16. Rc1 Ne6 17. Nb5 Rfd8 18. f3 a6 19. Na3 h5 20. Qb3 h4 21.
Rfd1 Ng5 22. gxh4 Ne6 23. c5 b5 24. Nf2 Nf4 25. Qe3 N6d5 26. Qd2 Bxb2 27. Qxb2 Ne3 28.
Rxd8+ Rxd8 29. Ne4 Qd7 30. Qc3 Nfd5 31. Qe1 Rc8 32. Qg3 Qe6 33. Nb1 Nf5 34. Qf2 Nf6 35. Nbc3 Nh5 36. Ng5 Qe5 37. Nce4 Nf4 38. Kh1 f6 39. e3 fxg5 40. exf4 Qxf4 41. Nxg5 Qxc1+ 0-1

[Event "*** Titled Tuesday Blitz"]
[Site "Chess.com"]
[Date "2020.02.04"]
[Round "2"]
[White "BeanScreen"]
[Black "Uih7I9kOKokUOhjUJ"]
[Result "1-0"]
[WhiteElo "2570"]
[BlackElo "2748"]
[TimeControl "180+2"]
[EndTime "9:23:45 PST"]
[Termination "BeanScreen won by checkmate"]

1. e4 e6 2. d4 d5 3. Nc3 Bb4 4.
exd5 exd5 5. Bd3 Nc6 6. a3 Bxc3+ 7. bxc3 Nge7 8. Nf3 Bf5 9. Rb1 b6 10. O-O O-O 11.
Bxf5 Nxf5 12. Qd3 Nd6 13. Ng5 f5 14. Ne6 Qd7 15. Nxf8 Rxf8 16. Re1 f4 17. Qf3 Qf5 18. Qd3 Qf7 19. f3 Nc4 20. Qe2 Nd8 21. Qe7 Qf5 22. Qxc7 Qxc2 23. Bxf4 Ne6 24. Rxe6 Qxb1+ 25. Kf2 Qc2+ 26.
Kg3 Qf5 27. Re7 Qg6+ 28. Kf2 Qc2+ 29. Re2 Qxc3 30. Be5 Rf7 31. Qd8+ Rf8 32. Qxd5+ Kh8 33. Qd7 Nxe5 34. dxe5 Qc5+ 35. Kg3 Qc4 36. Re4 Qc1 37.
h4 g5 38. e6 gxh4+ 39. Kh2 Qg5 40. Rg4 Qe5+ 41. Kh3 Rg8 42. Rxg8+ Kxg8 43. Qf7+ Kh8 44. Qf8# 1-0

[Event "*** Titled Tuesday Blitz"]
[Site "Chess.com"]
[Date "2020.02.04"]
[Round "2"]
[White "bhavesh1810"]
[Black "TheBigBoss04"]
[Result "0-1"]
[WhiteElo "2088"]
[BlackElo "2704"]
[TimeControl "180+2"]
[EndTime "9:23:47 PST"]
[Termination "TheBigBoss04 won by resignation"]

1. e4 g6 2. d4 Bg7 3. Nc3 d6 4. f4 a6 5. a4 Nc6 6. d5 Nd4 7. Be3 c5 8. Nge2 Qb6 9. Ra2 Nxe2 10. Bxe2 Nf6 11. O-O O-O 12. Bc4 Ng4 13. Bc1 Bd4+ 14. Kh1 Nf2+ 15. Rxf2 Bxf2 16. a5 Qd8 17. Qf3 Bd4 18.
Na4 Bg7 19. Nb6 Rb8 20. c3 Bd7 21. Be3 Bb5 22. Qe2 Bxc4 23. Qxc4 Qe8 24. Bg1 e6 25. Ra1 exd5 26. Nxd5 Qe6 27. f5 Qe5 28. Rf1 Rfe8 29. f6 Bf8 30. Re1 Re6 31. Bf2 Qg5 32. Bg3 Rbe8 33.
Bf4 Qh4 34. g3 Qh5 35. Kg2 g5 36. Bc1 Qg6 37. Qa4 Rxe4 38. Qxe8 Rxe8 39. Rxe8 Qc2+ 40. Kf3 Qf5+ 41. Ke2 Qxd5 42. h4 h6 43. hxg5 hxg5 44. Rb8 Qg2+ 45. Kd1 Qxg3 46. Rxb7 Qg1+ 47. Kc2 Qg2+ 48.
Kb1 Qxb7 0-1

[Event "*** Titled Tuesday Blitz"]
[Site "Chess.com"]
[Date "2020.02.04"]
[Round "2"]
[White "Zarikovs1999"]
[Black "Msb2"]
[Result "0-1"]
[WhiteElo "2350"]
[BlackElo "2853"]
[TimeControl "180+2"]
[EndTime "9:23:49 PST"]
[Termination "Msb2 won by resignation"]

1. Nf3 d5 2. b3 Bg4 3. Ne5 Bh5 4. Bb2 Nd7 5. c4 Nxe5 6. Bxe5 e6 7. g3 Nf6 8. Bg2 c6 9. O-O Bd6 10. Bxd6 Qxd6 11.
d3 O-O 12. Nd2 a5 13. a3 b5 14. Re1 h6 15. Qc2 Bg6 16. c5 Qc7 17. b4 a4 18. e3 e5 19. e4 Rad8 20. Rad1 Rfe8 21. Qc3 Bh5 22. Rc1 dxe4 23. Nxe4 Nxe4 24. dxe4 Rd4 25. Bf3 Bxf3 26. Qxf3 Qd7 27. Red1 Rd8 28.
Rxd4 Qxd4 29. Kg2 Qd3 30. Rc3 Qxf3+ 31. Kxf3 Rd2 32. Ke3 Ra2 33. Rd3 Kf8 34. h4 Ke7 35.
Rc3 h5 36. Rd3 g6 37. Rc3 f6 38. Rd3 g5 39. Rc3 gxh4 40. gxh4 Ke8 41. Rd3 Kf7 42. Rd7+ Kf8 43. Rd8+ Ke7 44. Rd3 Ra1 45. Kf3 Ke8 46.
Kg3 Rb1 47. Kf3 Ke7 48. Re3 Rd1 49. Kg3 Ke6 50. Kf3 f5 51. exf5+ Kxf5 52. Kg3 e4 53. f3 exf3 54. Kxf3 Rb1 55. Kf2 Rb2+ 56. Kf1 Rb3 57. Re8 Rxa3 58. Rc8 Rb3 59. Rxc6 Rxb4 60. Rb6 a3 61. c6 a2 62. Ra6 Ra4 63. c7 a1=Q+ 0-1

[Event "*** Titled Tuesday Blitz"]
[Site "Chess.com"]
[Date "2020.02.04"]
[Round "2"]
[White "Blitzstream"]
[Black "DamianoLew95"]
[Result "0-1"]
[WhiteElo "2805"]
[BlackElo "2597"]
[TimeControl "180+2"]
[EndTime "9:23:50 PST"]
[Termination "DamianoLew95 won by resignation"]

1. d4 d5 2. Bf4 Nf6 3. e3 e6 4. Nf3 Bd6 5. Ne5 Nfd7 6. Nxd7 Qxd7 7. Bd3 c5 8. dxc5 Bxf4 9. exf4 Qc7 10. O-O Qxf4 11.
Nc3 O-O 12. Nb5 Nc6 13. c3 b6 14. cxb6 axb6 15. Re1 Bd7 16. g3 Qf6 17. Nd4 Nxd4 18. cxd4 Ra4 19. Re5 Rfa8 20. a3 g6 21. Bc2 Rc4 22.
Bb3 Rc7 23. h4 h5 24. Qd2 Rac8 25. Rae1 Bb5 26. Qh6 Qg7 27. Qe3 Qf6 28. Qh6 Qg7 29.
Qf4 Bc4 30. Bd1 Bd3 31. g4 hxg4 32. Bxg4 Bf5 33. Kh2 Kf8 34. Bxf5 gxf5 35. Rg1 Qf6 36. Rge1 Rc2 37. R1e2 R8c4 38. Rxc2 Rxc2 39. Re3 Rd2 40. Qb8+ Ke7 41. Qc7+ Ke8 42. Qc8+ Ke7 43. Qc7+ Ke8 44.
Qc8+ Qd8 45. Qc6+ Kf8 46. Rf3 Qxh4+ 47. Kg2 Qg4+ 48. Rg3 Qe4+ 49. Rf3 Rd3 50. Qc8+ Kg7 0-1

[Event "*** Titled Tuesday Blitz"]
[Site "Chess.com"]
[Date "2020.02.04"]
[Round "2"]
[White "Azatic"]
[Black "VladDobrov"]
[Result "1-0"]
[WhiteElo "2649"]
[BlackElo "2923"]
[TimeControl "180+2"]
[EndTime "9:23:54 PST"]
[Termination "Azatic won by resignation"]

1. e4 c5 2. Nf3 Nc6 3. d4 cxd4 4. Nxd4 Qb6 5. Nb3 Nf6 6. Nc3 e6 7.
Be3 Qc7 8. f3 a6 9. Qd2 h5 10.
O-O-O b5 11. h3 Bb7 12. Bd3 h4 13. f4 d6 14. Qf2 Rc8 15. Kb1 Be7 16. Rhe1 g6 17.
Bb6 Qb8 18. f5 gxf5 19. exf5 e5 20. Ne4 Nb4 21. Nxf6+ Bxf6 22. a3 Nxd3 23. Rxd3 Rg8 24. g4 hxg3 25. Rxg3 Rxg3 26. Qxg3 Ke7 27. Qd3 Rg8 28.
Ba5 Rg2 29. Bb4 Qc7 30. Rd1 e4 31. Qxd6+ Qxd6 32. Rxd6 e3 33. Rb6+ Ke8 34. Rxb7 e2 35. Rb8+ Kd7 36. Nc5+ Kc6 37. Re8 Bh4 38. Nd3 Rh2 39.
Ka2 Kd5 40. Nf4+ Kc6 41. Nxe2 Rxh3 42. Nc3 Rf3 43. Rh8 Bg5 44. Ne4 Be3 45. f6 Rf4 46.
Re8 Kd5 47. Nc3+ Kc6 48. Rxe3 Rxf6 49. Kb3 Rf4 50. a4 f5 51. axb5+ axb5 52. Re5 Rf3 53. Rc5+ 1-0

[Event "*** Titled Tuesday Blitz"]
[Site "Chess.com"]
[Date "2020.02.04"]
[Round "2"]
[White "GelmanAlexander"]
[Black "Mr_Sinigami"]
[Result "0-1"]
[WhiteElo "2455"]
[BlackElo "2723"]
[TimeControl "180+2"]
[EndTime "9:23:55 PST"]
[Termination "Mr_Sinigami won by resignation"]

1. e4 d5 2. exd5 Qxd5 3. Nc3 Qd6 4. d4 c6 5. Nf3 Bg4 6. Be3 Nf6 7. h3 Bh5 8. g4 Bg6 9. Ne5 Nbd7 10. f4 e6 11. a3 Nd5 12. Nxd5 Qxd5 13. Rh2 Nxe5 14. fxe5 Be7 15. h4 h5 16. g5 O-O 17. Bd3 c5 18. c4 Qd7 19. d5 exd5 20. Bxg6 fxg6 21. Qxd5+ Qxd5 22. cxd5 Rf5 23. O-O-O Rxe5 24. Bf4 Re4 25.
Bc7 Rc8 26. d6 Bd8 27. Rf2 Rxh4 28. Re1 Bxg5+ 29. Kb1 Rd4 30. Rg2 Bf6 31. Rxg6 Kf7 32. Rg2 h4 33. Rf2 h3 34. Re7+ Kg6 35. d7 Rxc7 36. d8=Q Rxd8 37. Rxc7 Rh8 38. Rf1 h2 39. Rh1 Bd4 40. Rxb7 Kf6 41. Rxa7 g5 42. Ra6+ Kf5 43. Ra7 g4 44. Rf7+ Ke4 45. a4 g3 46. a5 g2 47.
Re1+ Kd5 0-1

[Event "*** Titled Tuesday Blitz"]
[Site "Chess.com"]
[Date "2020.02.04"]
[Round "2"]
[White "vladimirdamjanovic"]
[Black "platy3"]
[Result "0-1"]
[WhiteElo "2616"]
[BlackElo "2907"]
[TimeControl "180+2"]
[EndTime "9:23:59 PST"]
[Termination "platy3 won on time"]

1. d4 Nf6 2. c4 e6 3. Nf3 d5 4. Nc3 Bb4 5. Bg5 h6 6. Bxf6 Qxf6 7. Qa4+ Nc6 8. cxd5 exd5 9. e3 O-O 10. Be2 Qg6 11. O-O Bxc3 12. bxc3 Bh3 13. Ne1 Ne7 14. Qc2 Bf5 15.
Bd3 Rfc8 16. Rb1 b6 17. Bxf5 Nxf5 18. Nf3 c5 19. Ne5 Qe6 20. Qa4 Nd6 21. Rfd1 Ne4 22. Rbc1 Rc7 23. c4 cxd4 24. exd4 dxc4 25. Re1 Qf5 26.
Qc2 Nd6 27. Qxf5 Nxf5 28. Rxc4 Rxc4 29. Nxc4 Rc8 30. Ne3 Nxd4 31. h4 Rc5 32. Rd1 Ne6 33. Rd7 Ra5 34. Rd2 g6 35. g3 Kg7 36. Nc4 Rc5 37. Ne3 Rc3 38. Kg2 Nc5 39. Kf3 Kf6 40.
Kf4 Ke6 41. Ng4 Nd3+ 42. Ke4 Nc5+ 43. Kf4 h5 44. Ne3 Ra3 45. Kf3 Nd3 46. Rc2 Ne1+ 0-1

[Event "*** Titled Tuesday Blitz"]
[Site "Chess.com"]
[Date "2020.02.04"]
[Round "2"]
[White "ALEXJR20"]
[Black "tunadrol"]
[Result "0-1"]
[WhiteElo "2275"]
[BlackElo "2574"]
[TimeControl "180+2"]
[EndTime "9:24:03 PST"]
[Termination "tunadrol won by resignation"]

1. d4 Nf6 2. Nf3 d5 3. Bf4 c5 4.
e3 Nc6 5. c3 Qb6 6. Qb3 c4 7.
Qxb6 axb6 8. Na3 Ra5 9. Be2 Bf5 10. Bd1 e6 11. Nc2 b5 12. a3 Be4 13. O-O Bd3 14.
Re1 Ne4 15. Ne5 f6 16. Nxc6 bxc6 17. f3 Nd2 18. Nb4 g5 19. Bc7 Bxb4 20. cxb4 Ra7 21.
Bb6 Ra6 22. Bc5 Kd7 23. Rc1 h5 24. Be2 Nb3 25. Rc3 Bxe2 26. Rxe2 e5 27. Rcc2 Raa8 28. Re1 Nxc5 29. bxc5 Rhb8 30. Rd2 b4 31. axb4 Rxb4 32.
e4 exd4 33. Rxd4 Rxb2 34. exd5 Raa2 35. dxc6+ Kxc6 36. Rd6+ Kxc5 37. Rxf6 Rxg2+ 38. Kh1 Rxh2+ 39. Kg1 Rag2+ 40. Kf1 Rf2+ 41. Kg1 Rhg2+ 42. Kh1 c3 43. Rf8 c2 44. Rc8+ Kd6 45. Rc1 h4 46. Rc4 Rh2+ 47.
Kg1 Rfg2+ 48. Kf1 h3 0-1

[Event "*** Titled Tuesday Blitz"]
[Site "Chess.com"]
[Date "2020.02.04"]
[Round "2"]
[White "Witik"]
[Black "Korchmar_Vasiliy"]
[Result "0-1"]
[WhiteElo "2588"]
[BlackElo "2827"]
[TimeControl "180+2"]
[EndTime "9:24:04 PST"]
[Termination "Korchmar_Vasiliy won by resignation"]

1. d4 Nf6 2. Bf4 d5 3. e3 c5 4. c3 Nc6 5. Nd2 Bf5 6. Ngf3 e6 7. Nh4 Bg4 8. Qb3 Qd7 9. h3 Bh5 10. g4 Bg6 11. Nxg6 hxg6 12. Be2 c4 13. Qc2 b5 14. b3 Ba3 15. Kf1 O-O 16. Kg2 Rfc8 17. h4 b4 18.
bxc4 bxc3 19. Qxc3 Bb4 20. Qd3 Bxd2 21. Qxd2 dxc4 22.
h5 g5 23. Bh2 Ne7 24. Bf3 Ned5 25. Be5 c3 26. Qe2 c2 27. Rac1 Qa4 28. h6 Qc4 29. Qe1 Nd7 30. Bxg7 Rab8 31. Be4 Rb2 32. Qg1 Qe2 33.
Bf3 Qd3 34. Qh2 Kh7 35. Qd6 N7f6 36. Qe5 Qg6 37. a3 Nd7 38. Qd6 N7f6 39. Qe5 Nd7 40. Qg3 N7f6 41. Rhe1 Ne4 42. Qe5 Nef6 43. Re2 Rb1 44.
Rcxc2 Rxc2 45. Rxc2 Qxc2 46. Bxf6 Nxf6 47. Qxf6 Qg6 48.
Be4 Qxe4+ 49. f3 Qc2+ 50. Kg3 Rg1+ 0-1